 Dungeon Crawl Stone Soup version 0.12.2-22-g286eab9 (webtiles) character file.

340 Gabry the Shield-Bearer (level 5, -2/46 HPs)
             Began as a Minotaur Fighter on Aug 30, 2013.
             Killed by divine providence
             ... invoked by an orc priest
              (13 damage)
             ... on Level 3 of the Dungeon.
             The game lasted 00:12:57 (2076 turns).

Gabry the Shield-Bearer (Minotaur Fighter)          Turns: 2076, Time: 00:12:57

HP  -2/46        AC 13     Str 21      XL: 5   Next: 10%
MP   1/1         EV  3     Int  5      God:
Gold 189         SH 19     Dex 10      Spells:  0 memorised,  4 levels left

Res.Fire  : . . .   See Invis. : .   x - +1 orc mace
Res.Cold  : . . .   Warding    : .   n - +0 plate armour
Life Prot.: . . .   Conserve   : .   c - +0 shield (curse)
Res.Poison: .       Res.Corr.  : .   (helmet restricted)
Res.Elec. : .       Clarity    : .   (no cloak)
Sust.Abil.: . .     Spirit.Shd : .   (no gloves)
Res.Mut.  : .       Stasis     : .   (no boots)
Res.Rott. : .       Ctrl.Telep.: .   (no amulet)
Saprovore : . . .   Flight     : .   A - cursed ring of hunger {unknown}
                                     e - +1 ring of protection

@: slightly resistant to hostile enchantments, extremely unstealthy
A: retaliatory headbutt, horns 2
a: no special abilities


You were on level 3 of the Dungeon.
You were not hungry.

You visited 1 branch of the dungeon, and saw 3 of its levels.

You collected 169 gold pieces.

Inventory:

Hand weapons
 a - a +0,+0 mace
 b - a +0,+0 dagger
 m - a +1,+1 dwarven dagger (quivered)
 x - a +1,+1 orcish mace (weapon)
 y - a -1,+1 orcish flail
 z - a +1,+3 orcish hammer
Armour
 c - a cursed +0 shield (worn)
 n - a +0 plate armour (worn)
 s - a +2 robe of resistance
 u - a +2 dwarven chain mail
Comestibles
 d - 2 bread rations
Scrolls
 i - a scroll of teleportation
 p - 2 scrolls of identify
 q - a scroll of random uselessness
Jewellery
 e - a +1 ring of protection (left hand)
 A - a cursed ring of hunger (right hand) {unknown}
Potions
 f - a potion of slowing {unknown}
 r - 2 potions of paralysis {unknown}
 t - a potion of heal wounds {unknown}
 w - 2 potions of speed {unknown}


   Skills:
 + Level 4.4 Fighting
 + Level 3.3 Maces & Flails
 + Level 4.7 Armour
 + Level 1.3 Dodging
 + Level 4.8 Shields


You had 4 spell levels left.
You didn't know any spells.

Dungeon Overview and Level Annotations

Branches:
Dungeon (3/27)

Altars:


Innate Abilities, Weirdness & Mutations

You reflexively headbutt those who attack you in melee.
You have a pair of horns on your head.


Message History

An orc and 2 orc priests come into view.
The orc shouts!
The orc priest shouts!
The orc priest looks stronger.
Found a hand axe.
A gnoll comes into view.
Your shield and plate armour prevent you from hitting the orc.
Your headbutt misses the orc. You block the orc's attack.
The orc priest invokes the aid of Beogh against you.
Something smites you!
You hit the orc.
You kill the orc!
The orc priest calls down the wrath of Beogh upon you.
Something smites you!
The orc priest mumbles some strange prayers to Beogh against you.
Something smites you!
* * * LOW HITPOINT WARNING * * *
You see here a rat corpse.
The orc priest invokes the aid of Beogh against you.
Something smites you!
You die...

,,,,,,,,* #.# ,,,,,,,,* #.#
********
,,,,,,,,*******#.#********,,,,,,,
**,,,,,,,,,,,,,...,,,,,,,,,,,,,,,
*,************#.########*,,,,,,,
*,* #.#......#******** *,*
#.#......# # *,*
########.#......# # *,*
#....%..@.......# # *,*
#o######.#..(...# # *,* #.#
#.#......# # *,* #.# #.#......# #
*,* #.# #.#......#*####### *,*
#.# #.#............... *,* #o#
#.#.#.############ *,*
#g#****#.#.#.#** # *>*
#.#*,,,..#.....##########


You could see an orc priest.

Vanquished Creatures
  Jessica (D:2)
  3 adders (D:2)
  A giant mite (D:2)
  2 worms (D:2)
  A giant gecko (D:1)
  6 orcs (D:3)
  3 giant cockroaches
  13 goblins
  7 hobgoblins
  7 jackals
  A ball python (D:1)
  9 bats
  5 giant newts
  12 kobolds
  13 rats
84 creatures vanquished.

Notes
Turn   | Place    | Note
--------------------------------------------------------------
     0 | D:1      | Gabry, the Minotaur Fighter, began the quest for the Orb.
     0 | D:1      | Reached XP level 1. HP: 19/19 MP: 0/0
   154 | D:1      | Reached XP level 2. HP: 24/26 MP: 0/0
   246 | D:1      | Reached skill level 4 in Fighting
   558 | D:1      | Reached XP level 3. HP: 33/33 MP: 1/1
  1007 | D:2      | Noticed Jessica
  1018 | D:2      | Killed Jessica
  1018 | D:2      | Reached skill level 1 in Dodging
  1018 | D:2      | Reached XP level 4. HP: 27/40 MP: 1/1
  1912 | D:3      | Reached XP level 5. HP: 27/46 MP: 1/1
  2076 | D:3      | Killed from afar by an orc priest

Action                   |  1- 3 |  4- 6 || total
-------------------------+-------+-------++-------
Melee: Mace              |    84 |   112 ||   196
  Use: Scroll            |       |    11 ||    11
